Map: Zen LE

Players

Ratl

  • Race: Protoss Protoss
  • League: Silver
  • Spawn Location: 1:00

RABS - Winner!

  • Race: Terran Terran
  • League: Gold
  • Spawn Location: 7:00

VOD

Have the link to the VOD?

Description

Time

  • Played on: Jan. 16, 2020, 1:50 p.m.
  • Length: 16:44
Show
View Real Time Build Order
Export as new Build Order

Ratl Protoss 

Build Orders:  

Get SALT Encoding   

  12  0:01  Probe  
  13  0:13  Probe  
  14  0:18  Pylon  
  14  0:25  Probe  
  15  0:37  Gateway  
  15  0:39  Probe  
  16  0:51  Probe  
  16  0:52  Assimilator  
  17  1:03  Probe, Assimilator  
  18  1:13  Gateway  
  18  1:15  Probe  
  19  1:27  Probe, Cybernetics Core  
  20  1:39  Probe  
  21  1:51  Probe  
  22  1:58  Pylon  
  22  2:00  Warp Gate (Chrono Boost)  
  22  2:03  Probe, Pylon  
  23  2:16  Probe  
  23  2:18  Stalker  
  23  2:21  Stalker  
  28  2:28  Probe  
  29  2:40  Stargate  
  29  2:47  Probe  
  30  2:59  Probe, Stalker x2  
  35  3:11  Probe  
  36  3:23  Probe  
  37  3:35  Nexus  
  37  3:42  Probe  
  38  3:53  Pylon  
  38  3:54  Probe  
  39  3:58  Pylon  
  39  4:11  Probe, Oracle  
  39  4:14  Stalker x2  
  47  4:18  Pylon  
  47  4:23  Probe  
  48  4:33  Twilight Council  
  48  4:37  Probe  
  49  4:48  Oracle  
  49  4:49  Probe x2  
  54  4:57  Protoss Air Weapons Level 1  
  54  5:01  Probe x2  
  56  5:13  Probe, Forge  
  57  5:15  Stalker  
  57  5:16  Stalker  
  61  5:27  Probe x2  
  63  5:31  Assimilator  
  63  5:35  Assimilator  
  63  5:39  Probe x2  
  63  5:40  Void Ray  
  69  5:47  Dark Shrine  
  69  5:50  Photon Cannon  
  69  6:07  Photon Cannon  
  69  6:23  Void Ray  
  73  6:46  Stalker x2  
  77  7:06  Pylon  
  77  7:17  Protoss Shields Level 1  
  77  7:19  Pylon  
  77  7:22  Gateway x2  
  77  7:23  Pylon, Void Ray  
  77  7:24  Gateway  
  77  7:28  Stalker x2  
  85  7:31  Pylon  
  85  7:32  Pylon  
  85  7:33  Protoss Air Armor Level 1  
  85  7:44  Fleet Beacon  
  82  8:24  Stalker x2  
  82  8:25  Dark Templar x3  
  92  8:57  Nexus  
  92  8:58  Void Ray  
  92  9:00  Assimilator  
  92  9:01  Pylon  
  92  9:02  Pylon  
  96  9:05  Assimilator  
  96  9:06  Stalker x5  
  106  9:15  Forge  
  106  9:26  Pylon  
  106  9:29  Shield Battery  
  106  9:30  Shield Battery  
  106  9:31  Shield Battery  
  106  9:32  Probe (Chrono Boost), Shield Battery  
  106  9:34  Shield Battery  
  106  9:37  Probe (Chrono Boost)  
  108  9:40  Protoss Ground Weapons Level 1 (Chrono Boost)  
  108  9:43  Probe (Chrono Boost)  
  110  9:46  Probe (Chrono Boost)  
  110  9:47  Probe (Chrono Boost)  
  110  9:50  Void Ray  
  115  9:56  Probe  
  115  9:58  Probe  
  117  10:10  Probe  
  117  10:11  Probe x2  
  117  10:14  Stalker  
  122  10:16  Pylon, Stalker  
  122  10:20  Pylon  
  124  10:26  Probe (Chrono Boost)  
  127  10:30  Probe x2 (Chrono Boost)  
  127  10:37  Probe (Chrono Boost)  
  127  10:41  Probe x2 (Chrono Boost)  
  127  10:42  Probe (Chrono Boost)  
  130  10:45  Shield Battery x2  
  130  10:47  Shield Battery  
  131  10:50  Probe, Shield Battery  
  131  10:51  Shield Battery  
  131  10:54  Shield Battery  
  132  10:58  Shield Battery  
  132  11:01  Void Ray  
  136  11:16  Stargate  
  136  11:23  Nexus  
  136  11:25  Protoss Air Weapons Level 2 (Chrono Boost)  
  136  11:31  Protoss Ground Armor Level 1 (Chrono Boost)  
  136  11:35  Void Ray, Stalker  
  136  11:36  Stalker  
  136  11:38  Stalker  
  146  11:48  Unknown  
  146  11:51  Protoss Ground Weapons Level 2 (Chrono Boost)  
  146  11:56  Robotics Facility  
  146  12:14  Void Ray  
  146  12:23  Void Ray  
  146  12:25  Stalker x4  
  146  12:26  Stalker  
  164  12:54  Void Ray  
  164  12:55  Archon  
  164  12:57  Dark Templar  
  164  12:58  Dark Templar  
  172  12:59  Dark Templar  
  172  13:02  Dark Templar x2  
  178  13:10  Archon  
  178  13:14  Archon  
  178  13:15  Archon  
  178  13:26  Protoss Ground Armor Level 2 (Chrono Boost), Warp Prism  
  178  13:29  Void Ray  
  180  13:34  Protoss Air Armor Level 2 (Chrono Boost)  
  180  13:38  Void Ray  
  157  14:16  Warp Prism  
  125  14:20  Void Ray (Chrono Boost)  
  125  14:23  Void Ray (Chrono Boost)  
  107  14:28  Stalker x2  
  107  14:29  Stalker x3  
  119  14:45  Stargate  
  119  14:53  Stargate  
  119  14:54  Stargate  
  119  14:55  Stalker  
  119  14:56  Stalker x4  
  119  14:57  Void Ray x2 (Chrono Boost)  
  119  14:58  Immortal  
  141  15:31  Immortal, Assimilator  
  141  15:32  Assimilator  
  141  15:37  Void Ray x2  
  141  15:39  Void Ray  
  141  15:42  Pylon  
  157  15:43  Pylon  
  157  15:46  Void Ray  
Show
View Real Time Build Order
Export as new Build Order

RABS Terran - Winner!

Build Orders:  

Get SALT Encoding   

  12  0:14  SCV  
  13  0:16  Supply Depot  
  13  0:22  Refinery  
  13  0:26  SCV  
  14  0:44  Barracks  
  14  0:45  SCV  
  15  0:55  Refinery  
  15  0:58  SCV  
  16  1:10  SCV  
  17  1:13  Supply Depot  
  17  1:23  SCV  
  18  1:39  Bunker  
  18  1:43  Barracks  
  18  1:44  SCV  
  19  1:49  Marine  
  20  1:56  SCV  
  21  2:07  Marine  
  22  2:08  SCV  
  23  2:20  SCV  
  24  2:29  Command Center  
  24  2:32  Marine  
  24  2:36  Barracks Tech Lab  
  25  2:39  SCV  
  26  2:49  Marine  
  27  2:51  SCV  
  27  2:57  Supply Depot  
  28  3:04  SCV  
  29  3:08  Marauder  
  31  3:14  Concussive Shells  
  31  3:19  SCV  
  32  3:21  Supply Depot  
  32  3:25  Marine  
  33  3:33  SCV  
  34  3:36  Marauder  
  36  3:45  SCV  
  37  3:52  Supply Depot, Factory  
  37  3:54  SCV  
  38  3:57  SCV  
  39  4:10  Orbital Command  
  39  4:11  SCV  
  39  4:15  Marauder  
  42  4:23  SCV, Supply Depot  
  43  4:27  Refinery  
  43  4:35  SCV  
  43  4:36  Factory Tech Lab  
  44  4:43  Starport  
  44  4:44  SCV  
  45  4:48  SCV  
  45  4:51  Armory  
  46  4:57  Siege Tank  
  49  5:00  SCV  
  49  5:01  SCV  
  49  5:04  Combat Shield  
  49  5:06  Barracks Reactor  
  51  5:12  Refinery  
  51  5:17  SCV  
  51  5:19  SCV  
  53  5:22  Starport Reactor  
  53  5:27  Starport  
  53  5:29  SCV, Siege Tank  
  53  5:33  SCV  
  58  5:41  SCV  
  59  5:44  Terran Vehicle Weapons Level 1  
  59  5:52  SCV  
  59  5:53  SCV  
  59  5:56  Engineering Bay  
  61  6:02  Smart Servos  
  61  6:04  SCV  
  62  6:05  Medivac x2  
  62  6:09  SCV  
  61  6:27  SCV  
  61  6:33  Missile Turret  
  61  6:36  Marine x3  
  61  6:39  SCV  
  58  6:45  SCV  
  59  6:50  Missile Turret  
  59  6:54  Viking x2  
  59  6:55  Starport Tech Lab  
  59  6:58  SCV  
  59  7:00  SCV  
  65  7:04  Missile Turret  
  65  7:10  SCV  
  65  7:13  SCV  
  65  7:15  Marine x2  
  67  7:16  Marine  
  67  7:18  Command Center  
  70  7:26  Cyclone  
  70  7:28  Mag-Field Accelerator  
  73  7:31  Raven  
  73  7:33  Marine  
  76  7:37  SCV  
  77  7:47  Terran Ship Weapons Level 1  
  77  7:48  Factory  
  77  7:57  Supply Depot  
  77  8:02  Hi-Sec Auto Tracking  
  77  8:18  SCV  
  77  8:42  Liberator x2  
  77  8:45  Factory Tech Lab  
  77  8:47  Fusion Core  
  77  8:57  Missile Turret  
  77  8:58  Starport  
  77  9:00  Viking  
  85  9:03  Orbital Command  
  85  9:05  Marine x3  
  88  9:12  Stimpack  
  88  9:13  Barracks  
  88  9:18  Terran Infantry Weapons Level 1  
  88  9:23  Marine  
  89  9:25  SCV  
  90  9:34  Supply Depot  
  90  9:36  Cloaking Field  
  90  9:37  SCV, Starport Tech Lab  
  91  9:42  Engineering Bay  
  91  9:44  Terran Vehicle And Ship Armor Level 1  
  91  9:50  SCV  
  91  9:51  Viking x2  
  96  9:55  Marine x2  
  98  10:00  Supply Depot  
  98  10:02  SCV  
  99  10:13  Thor  
  99  10:14  SCV  
  106  10:23  Supply Depot  
  106  10:25  Supply Depot  
  106  10:26  SCV  
  106  10:28  Missile Turret  
  107  10:32  Starport  
  107  10:34  Refinery  
  107  10:38  SCV, Refinery  
  108  10:43  Banshee  
  108  10:47  Missile Turret  
  108  10:49  Supply Depot  
  111  10:50  SCV  
  111  10:56  Terran Infantry Armor Level 1  
  112  10:58  Armory  
  112  11:02  SCV, Medivac  
  115  11:11  Starport Tech Lab  
  115  11:12  Supply Depot  
  115  11:14  SCV  
  115  11:16  Barracks  
  116  11:20  SCV  
  117  11:26  SCV  
  117  11:29  Battlecruiser  
  117  11:32  SCV  
  125  11:34  Marine x3  
  125  11:38  SCV  
  129  11:42  Missile Turret  
  129  11:44  SCV  
  130  11:50  SCV  
  131  12:01  Barracks Reactor  
  131  12:02  Missile Turret, Liberator  
  131  12:04  Battlecruiser  
  137  12:10  Command Center  
  137  12:12  SCV, Supply Depot  
  138  12:22  Missile Turret  
  141  12:24  SCV  
  142  12:34  Battlecruiser  
  142  12:35  Supply Depot, Advanced Ballistics  
  142  12:36  SCV  
  149  12:41  Terran Infantry Weapons Level 2  
  149  12:48  SCV  
  150  12:54  Cyclone  
  150  12:55  Cyclone  
  156  13:01  Marine x2  
  156  13:02  Barracks Reactor  
  158  13:17  Command Center  
  158  13:20  Battlecruiser  
  164  13:27  Terran Ship Weapons Level 2  
  164  13:32  SCV  
  164  13:33  Refinery  
  164  13:34  Orbital Command  
  165  13:44  SCV  
  166  13:54  Weapon Refit  
  166  13:55  Thor  
  166  13:56  SCV  
  166  13:58  Medivac  
  175  14:08  SCV  
  150  14:20  SCV  
  145  14:32  SCV  
  145  14:35  Marine x3, Marauder  
  151  14:40  Battlecruiser  
  151  14:41  Battlecruiser  
  151  14:44  SCV  
  164  14:50  Refinery  
  164  14:56  Marauder  
  164  14:57  SCV  
  167  15:01  Marine x4  
  167  15:06  Medivac x2  
  175  15:16  Supply Depot  
  175  15:17  Marauder  
  175  15:18  Marine  
  178  15:23  Liberator x2  
  178  15:24  SCV, Refinery  
  179  15:29  Orbital Command  
  179  15:30  Sensor Tower  
  179  15:36  SCV  
  179  15:38  Supply Depot  
  186  15:44  Raven, Banshee  
  186  15:48  SCV  
  192  15:51  Command Center  
  192  16:00  SCV  
  192  16:01  Supply Depot  
  193  16:27  Refinery  
  193  16:32  Missile Turret  
Tags
 
Matchup
PvT
Spawn Locations
Cross Positions
Add a new tag
Caveats
  • Supply blocks, unpowered buildings, or Contaminate may cause inaccurate times.
  • Supply counts are checked every 10 seconds.